| TOP OF THE 1ST |
|
Detroit Tigers batting - Pitching for Texas Rangers : LHP Fernando Valenzuela
|
|
Pitching: LHP Fernando Valenzuela
|
|
|
Batting: SHB Lee Mazzilli
|
0-0: Called Strike 0-1: Swinging Strike 0-2: SINGLE (Flyball, 9S, EV 90.0 MPH)
|
|
Batting: RHB Rusty Tillman
|
0-0: Ball 1-0: Ball 2-0: Ball 3-0: Called Strike 3-1: Base on Balls Lee Mazzilli to second
|
|
Batting: SHB Tony Phillips
|
0-0: Called Strike 0-1: Ball 1-1: Swinging Strike 1-2: Ball 2-2: Foul Ball, location: 2F 2-2: Fielders Choice at 2nd, 3-6 (Groundball, 34S, EV 90.6 MPH) Lee Mazzilli to third
|
|
Batting: LHB Greg Brock
|
0-0: Ball 1-0: Ball 2-0: Called Strike 2-1: Foul Ball, location: 2F 2-2: Ball 3-2: Foul Ball, location: 2F 3-2: Fly out, F8 (Flyball, 8RM, EV 73.8 MPH)
|
|
Batting: RHB Keith Moreland
|
0-0: Called Strike 0-1: Ball 1-1: Foul Ball, location: 2F 1-2: Strikes out swinging
|
| Top of the 1st over - 0 runs, 1 hit, 0 errors, 2 left on base; Detroit 0 - Texas 0 |
| BOTTOM OF THE 1ST |
|
Texas Rangers batting - Pitching for Detroit Tigers : RHP Dennis Martinez
|
|
Pitching: RHP Dennis Martinez
|
|
|
Batting: SHB Ron Roenicke
|
0-0: Bunted foul 0-1: Ball 1-1: Swinging Strike 1-2: Foul Ball, location: 2F 1-2: Ground out 3-1 (Groundball, 34S, EV 88.1 MPH)
|
|
Batting: LHB Dallas Williams
|
0-0: Ball 1-0: Ball 2-0: Ball 3-0: Called Strike 3-1: SINGLE (Groundball, 34S, EV 75.0 MPH) (infield hit)
|
|
Batting: RHB Juan Samuel
|
0-0: Ball 1-0: Ball 2-0: Ball 3-0: Called Strike 3-1: Called Strike 3-2: Strikes out looking
|
|
Batting: RHB Steve Garvey
|
0-0: Ball 1-0: Ball Dallas Williams steals 2nd base 2-0: Ball 3-0: Called Strike 3-1: Foul Ball, location: 2F 3-2: Foul Ball, location: 2F 3-2: Foul Ball, location: 2F 3-2: Ground out U3 (Groundball, 34S, EV 73.8 MPH)
|
| Bottom of the 1st over - 0 runs, 1 hit, 0 errors, 1 left on base; Detroit 0 - Texas 0 |
| TOP OF THE 2ND |
|
Detroit Tigers batting - Pitching for Texas Rangers : LHP Fernando Valenzuela
|
|
Batting: RHB Andre Thornton
|
0-0: Ball 1-0: Ball 2-0: Called Strike 2-1: Ball 3-1: Ground out 4-3 (Groundball, 13, EV 90.0 MPH)
|
|
Batting: LHB Randy S Johnson
|
0-0: Called Strike 0-1: Ball 1-1: Ball 2-1: Called Strike 2-2: Foul Ball, location: 2F 2-2: Ball 3-2: Base on Balls
|
|
Batting: RHB Larry Parrish
|
0-0: Ball 1-0: Called Strike 1-1: Foul Ball, location: 2F 1-2: Strikes out swinging
|
|
Batting: RHB Mike Sproles
|
0-0: Ball 1-0: SINGLE (Line Drive, 7S, EV 97.5 MPH) Randy S Johnson to second
|
|
Batting: SHB Lee Mazzilli
|
0-0: Fielders Choice at 2nd, 6-4 (Groundball, 6, EV 82.5 MPH)
|
| Top of the 2nd over - 0 runs, 1 hit, 0 errors, 2 left on base; Detroit 0 - Texas 0 |
| BOTTOM OF THE 2ND |
|
Texas Rangers batting - Pitching for Detroit Tigers : RHP Dennis Martinez
|
|
Batting: LHB Jody Helser
|
0-0: Ball 1-0: Called Strike 1-1: SINGLE (Groundball, 4MD, EV 106.3 MPH)
|
|
Batting: LHB Richie Hebner
|
0-0: Ball 1-0: Ball 2-0: Foul Ball, location: 2F 2-1: Grounds into double play, 4-6-3 (Groundball, 34, EV 100.6 MPH)
|
|
Batting: RHB Kirby Puckett
|
0-0: Called Strike 0-1: Ball 1-1: SINGLE (Line Drive, 8LS, EV 103.1 MPH)
|
|
Batting: RHB George Bjorkman
|
0-0: Ball 1-0: Ball 2-0: Ball 3-0: Called Strike 3-1: Swinging Strike 3-2: Strikes out swinging
|
| Bottom of the 2nd over - 0 runs, 2 hits, 0 errors, 1 left on base; Detroit 0 - Texas 0 |
| TOP OF THE 3RD |
|
Detroit Tigers batting - Pitching for Texas Rangers : LHP Fernando Valenzuela
|
|
Batting: RHB Rusty Tillman
|
0-0: Ball 1-0: Called Strike 1-1: Ball 2-1: DOUBLE (Line Drive, 89D, EV 106.3 MPH)
|
|
Batting: SHB Tony Phillips
|
0-0: Foul Ball, location: 2F 0-1: Called Strike 0-2: Ball 1-2: Ball 2-2: Ball 3-2: Foul Ball, location: 2F 3-2: Strikes out swinging
|
|
Batting: LHB Greg Brock
|
0-0: Ball 1-0: SINGLE (Groundball, 34D, EV 106.9 MPH) Rusty Tillman to third Runner from 3rd tries for Home, SAFE, throw by RF to home
|
|
Batting: RHB Keith Moreland
|
0-0: Swinging Strike 0-1: Ball 1-1: SINGLE (Line Drive, 7S, EV 96.3 MPH) Greg Brock to second
|
|
Batting: RHB Andre Thornton
|
0-0: Ball 1-0: Ball 2-0: Ball 3-0: Swinging Strike 3-1: Base on Balls Greg Brock to third Keith Moreland to second
|
|
Batting: LHB Randy S Johnson
|
0-0: Ball 1-0: Called Strike 1-1: Foul Ball, location: 2F 1-2: Foul Ball, location: 2F 1-2: Ball 2-2: Strikes out swinging
|
|
Batting: RHB Larry Parrish
|
0-0: Ball 1-0: Foul Ball, location: 2F 1-1: Swinging Strike 1-2: Ball 2-2: Strikes out swinging
|
| Top of the 3rd over - 1 run, 3 hits, 0 errors, 3 left on base; Detroit 1 - Texas 0 |
| BOTTOM OF THE 3RD |
|
Texas Rangers batting - Pitching for Detroit Tigers : RHP Dennis Martinez
|
|
Batting: RHB Gomez Barahona
|
0-0: Called Strike 0-1: Ball 1-1: Called Strike 1-2: Ball 2-2: Ground out 5-3 (Groundball, 56S, EV 79.4 MPH)
|
|
Batting: SHB Ron Roenicke
|
0-0: Called Strike 0-1: Swinging Strike 0-2: Ball 1-2: Ball 2-2: Foul Ball, location: 2F 2-2: Ground out 4-3 (Groundball, 4, EV 99.4 MPH)
|
|
Batting: LHB Dallas Williams
|
0-0: Fly out, F6 (Popup, 6MS, EV 68.8 MPH)
|
| Bottom of the 3rd over - 0 runs, 0 hits, 0 errors, 0 left on base; Detroit 1 - Texas 0 |
| TOP OF THE 4TH |
|
Detroit Tigers batting - Pitching for Texas Rangers : LHP Fernando Valenzuela
|
|
Batting: RHB Mike Sproles
|
0-0: Called Strike 0-1: Ball 1-1: Called Strike 1-2: Ball 2-2: Fly out, F8 (Flyball, 8RXD, EV 105.6 MPH)
|
|
Batting: SHB Lee Mazzilli
|
0-0: Ball 1-0: Foul Ball, location: 2F 1-1: Called Strike 1-2: Ball 2-2: Ball 3-2: Strikes out swinging
|
|
Batting: RHB Rusty Tillman
|
0-0: Ball 1-0: Called Strike 1-1: Ball 2-1: Foul Ball, location: 2F 2-2: Strikes out looking
|
| Top of the 4th over - 0 runs, 0 hits, 0 errors, 0 left on base; Detroit 1 - Texas 0 |
| BOTTOM OF THE 4TH |
|
Texas Rangers batting - Pitching for Detroit Tigers : RHP Dennis Martinez
|
|
Batting: RHB Juan Samuel
|
0-0: Fly out, F9 (Flyball, 9D, EV 110.6 MPH)
|
|
Batting: RHB Steve Garvey
|
0-0: Ball 1-0: Called Strike 1-1: DOUBLE (Line Drive, 7D, EV 98.1 MPH)
|
|
Batting: LHB Jody Helser
|
0-0: Called Strike 0-1: Ground out 3-1 (Groundball, 34S, EV 89.4 MPH) Steve Garvey to third
|
|
Batting: LHB Richie Hebner
|
0-0: Ball 1-0: Ball 2-0: Ball 3-0: Called Strike 3-1: 2-RUN HOME RUN (Line Drive, 9LD, EV 103.8 MPH), Distance : 388 ft
|
|
Batting: RHB Kirby Puckett
|
0-0: Ball 1-0: Ground out 1-3 (Groundball, P, EV 67.5 MPH)
|
| Bottom of the 4th over - 2 runs, 2 hits, 0 errors, 0 left on base; Detroit 1 - Texas 2 |
| TOP OF THE 5TH |
|
Detroit Tigers batting - Pitching for Texas Rangers : LHP Fernando Valenzuela
|
|
Pitching: LHP Louis Whetstone
|
|
|
Batting: SHB Tony Phillips
|
0-0: Ball 1-0: Ball 2-0: Called Strike 2-1: Ball 3-1: Base on Balls
|
|
Batting: LHB Greg Brock
|
0-0: Ball 1-0: Ball 2-0: Foul Ball, location: 2F 2-1: Ball 3-1: Foul Ball, location: 2F 3-2: Grounds into double play, 4-6-3 (Groundball, 4, EV 78.1 MPH)
|
|
Batting: RHB Keith Moreland
|
0-0: Foul Ball, location: 2F 0-1: Ball 1-1: Fly out, F7 (Flyball, 7D, EV 91.9 MPH)
|
| Top of the 5th over - 0 runs, 0 hits, 0 errors, 0 left on base; Detroit 1 - Texas 2 |
| BOTTOM OF THE 5TH |
|
Texas Rangers batting - Pitching for Detroit Tigers : RHP Dennis Martinez
|
|
Pitching: RHP David Steuber
|
|
|
Batting: RHB George Bjorkman
|
0-0: Foul Ball, location: 2F 0-1: SOLO HOME RUN (Flyball, 89XD, EV 99.4 MPH), Distance : 452 ft
|
|
Pitching: RHP J R Richard
|
|
|
Batting: RHB Gomez Barahona
|
0-0: Foul Ball, location: 2F 0-1: Called Strike 0-2: Ball 1-2: Foul Ball, location: 2F 1-2: DOUBLE (Line Drive, 78D, EV 104.4 MPH)
|
|
Batting: SHB Ron Roenicke
|
0-0: Called Strike Gomez Barahona is caught stealing 3rd base 2-5 0-1: Foul Ball, location: 2F 0-2: Ball 1-2: Ball 2-2: Strikes out swinging
|
|
Batting: LHB Dallas Williams
|
0-0: Ball 1-0: Ball 2-0: Foul Ball, location: 2F 2-1: Foul Ball, location: 2F 2-2: Strikes out swinging
|
| Bottom of the 5th over - 1 run, 2 hits, 0 errors, 0 left on base; Detroit 1 - Texas 3 |
| TOP OF THE 6TH |
|
Detroit Tigers batting - Pitching for Texas Rangers : LHP Louis Whetstone
|
|
Batting: RHB Andre Thornton
|
0-0: Called Strike 0-1: Swinging Strike 0-2: Foul Ball, location: 2F 0-2: Strikes out swinging
|
|
Batting: LHB Randy S Johnson
|
0-0: Foul Ball, location: 2F 0-1: Ball 1-1: Foul Ball, location: 2F 1-2: Ground out 3-1 (Groundball, 34, EV 100.6 MPH)
|
|
Batting: RHB Larry Parrish
|
0-0: Ball 1-0: Ball 2-0: Foul Ball, location: 2F 2-1: Foul Ball, location: 2F 2-2: Ground out 6-3 (Groundball, 56, EV 98.1 MPH)
|
| Top of the 6th over - 0 runs, 0 hits, 0 errors, 0 left on base; Detroit 1 - Texas 3 |
| BOTTOM OF THE 6TH |
|
Texas Rangers batting - Pitching for Detroit Tigers : RHP J R Richard
|
|
Batting: RHB Juan Samuel
|
0-0: Ball 1-0: Swinging Strike 1-1: DOUBLE (Line Drive, 7LD, EV 106.9 MPH)
|
|
Batting: RHB Steve Garvey
|
0-0: Ball 1-0: Ball 2-0: Called Strike 2-1: SINGLE (Line Drive, 34, EV 93.8 MPH) Juan Samuel to third
|
|
Batting: LHB Jody Helser
|
0-0: Ball 1-0: SINGLE (Groundball, 5D, EV 98.8 MPH) Juan Samuel scores Steve Garvey to second
|
|
Batting: LHB Richie Hebner
|
0-0: Called Strike 0-1: Foul Ball, location: 2F 0-2: Fly out, F8 (Flyball, 78D, EV 96.3 MPH)
|
|
Batting: RHB Kirby Puckett
|
0-0: Ball 1-0: Ball 2-0: Ball 3-0: Called Strike 3-1: Base on Balls Steve Garvey to third Jody Helser to second
|
|
Batting: RHB George Bjorkman
|
0-0: Swinging Strike 0-1: Ball 1-1: Swinging Strike 1-2: Strikes out swinging
|
|
Batting: RHB Gomez Barahona
|
0-0: Ball 1-0: Ball 2-0: Called Strike 2-1: Ball 3-1: Foul Ball, location: 2F 3-2: Foul Ball, location: 2F 3-2: Foul Ball, location: 2F 3-2: Base on Balls Steve Garvey scores Jody Helser to third Kirby Puckett to second
|
|
Pitching: RHP Phillip McCollough
|
|
|
Pinch Hitting: SHB Mitch Webster
|
0-0: Ball 1-0: Ball 2-0: Ball 3-0: Called Strike 3-1: Fly out, F8 (Line Drive, 8RD, EV 96.3 MPH)
|
| Bottom of the 6th over - 2 runs, 3 hits, 0 errors, 3 left on base; Detroit 1 - Texas 5 |
| TOP OF THE 7TH |
|
Detroit Tigers batting - Pitching for Texas Rangers : LHP Louis Whetstone
|
|
Now in LF: Mitch Webster
|
|
|
Batting: RHB Mike Sproles
|
0-0: Called Strike 0-1: Ball 1-1: Ball 2-1: Called Strike 2-2: Strikes out swinging
|
|
Pinch Hitting: RHB Glenn Williams
|
0-0: Swinging Strike 0-1: Foul Ball, location: 2F 0-2: Ball 1-2: Foul Ball, location: 2F 1-2: Ball 2-2: Strikes out swinging
|
|
Pinch Hitting: SHB Raul Gonzalez
|
0-0: Called Strike 0-1: Foul Ball, location: 2F 0-2: Strikes out looking
|
| Top of the 7th over - 0 runs, 0 hits, 0 errors, 0 left on base; Detroit 1 - Texas 5 |
| BOTTOM OF THE 7TH |
|
Texas Rangers batting - Pitching for Detroit Tigers : RHP Phillip McCollough
|
|
Now in LF: Glenn Williams
|
|
|
Now in CF: Raul Gonzalez
|
|
|
Pinch Hitting: LHB Jesus Figueroa
|
0-0: Called Strike 0-1: Foul Ball, location: 2F 0-2: Ground out 4-3 (Groundball, 4, EV 104.4 MPH)
|
|
Pinch Hitting: RHB Rich Dauer
|
0-0: Called Strike 0-1: Ball 1-1: Ball 2-1: Swinging Strike 2-2: Foul Ball, location: 2F 2-2: Ball 3-2: DOUBLE (Line Drive, 3D, EV 101.3 MPH)
|
|
Pinch Hitting: RHB Steve Balboni
|
0-0: Called Strike 0-1: Fly out, F8 (Flyball, 8LM, EV 93.1 MPH)
|
|
Pinch Hitting: RHB Joe Charboneau
|
0-0: Ball 1-0: Ball 2-0: Foul Ball, location: 2F 2-1: Ball 3-1: Fly out, F9 (Flyball, 9S, EV 85.0 MPH)
|
| Bottom of the 7th over - 0 runs, 1 hit, 0 errors, 1 left on base; Detroit 1 - Texas 5 |
| TOP OF THE 8TH |
|
Detroit Tigers batting - Pitching for Texas Rangers : LHP Louis Whetstone
|
|
Now at 1B: Steve Balboni
|
|
|
Now at 2B: Rich Dauer
|
|
|
Now in CF: Jesus Figueroa
|
|
|
Now in RF: Joe Charboneau
|
|
|
Pinch Hitting: RHB Nick Capra
|
0-0: Foul Ball, location: 2F 0-1: Foul Ball, location: 2F 0-2: Foul Ball, location: 2F 0-2: Fly out, F4 (Line Drive, 4, EV 76.9 MPH)
|
|
Pinch Hitting: RHB William Young
|
0-0: Ball 1-0: Ball 2-0: Swinging Strike 2-1: Called Strike 2-2: Strikes out swinging
|
|
Batting: RHB Keith Moreland
|
0-0: Foul Ball, location: 2F 0-1: Foul Ball, location: 2F 0-2: Ball 1-2: SOLO HOME RUN (Flyball, 78XD, EV 90.0 MPH), Distance : 420 ft
|
|
Batting: RHB Jose Hidalgo
|
0-0: Ball 1-0: Swinging Strike 1-1: Foul Ball, location: 2F 1-2: Ball 2-2: Foul Ball, location: 2F 2-2: Foul Ball, location: 2F 2-2: Foul Ball, location: 2F 2-2: Ground out 3-1 (Groundball, 34S, EV 88.1 MPH)
|
| Top of the 8th over - 1 run, 1 hit, 0 errors, 0 left on base; Detroit 2 - Texas 5 |
| BOTTOM OF THE 8TH |
|
Texas Rangers batting - Pitching for Detroit Tigers : RHP Phillip McCollough
|
|
Now at 1B: William Young
|
|
|
Now at 2B: Nick Capra
|
|
|
Pinch Hitting: RHB Shawon Dunston
|
0-0: Called Strike 0-1: Ball 1-1: Swinging Strike 1-2: DOUBLE (Line Drive, 9LM, EV 105.6 MPH)
|
|
Batting: LHB Lenny Dykstra
|
0-0: Called Strike 0-1: Ball 1-1: Ball 2-1: Ball 3-1: Foul Ball, location: 2F 3-2: Foul Ball, location: 2F 3-2: SINGLE (Line Drive, 7S, EV 107.5 MPH) Shawon Dunston to third Runner from 3rd tries for Home, SAFE, throw by LF to home
|
|
Pitching: RHP Dan Quisenberry
|
|
|
Batting: RHB George Bjorkman
|
0-0: Ball 1-0: Called Strike 1-1: Ground out 5-3 (Groundball, 56S, EV 68.1 MPH) Lenny Dykstra to second
|
|
Pinch Hitting: RHB Glenn Hoffman
|
0-0: Ball Lenny Dykstra steals 3rd base 1-0: DOUBLE (Line Drive, 3D, EV 94.4 MPH) Lenny Dykstra scores
|
|
Batting: SHB Mitch Webster
|
0-0: Called Strike 0-1: Ball 1-1: SINGLE (Groundball, 25, EV 66.3 MPH) (infield hit) Glenn Hoffman to third
|
|
Batting: LHB Jesus Figueroa
|
0-0: Ball 1-0: Called Strike 1-1: Grounds into double play, 5-4-3 (Groundball, 56, EV 86.3 MPH)
|
| Bottom of the 8th over - 2 runs, 4 hits, 0 errors, 1 left on base; Detroit 2 - Texas 7 |
| TOP OF THE 9TH |
|
Detroit Tigers batting - Pitching for Texas Rangers : LHP Louis Whetstone
|
|
Now at 2B: Steve Lombardozzi
|
|
|
Now at SS: Glenn Hoffman
|
|
|
Pinch Hitting: RHB Joseph Scherger
|
0-0: Called Strike 0-1: Swinging Strike 0-2: Ball 1-2: Foul Ball, location: 2F 1-2: Foul Ball, location: 2F 1-2: Strikes out looking
|
|
Pinch Hitting: RHB Tom Lawless
|
0-0: Ball 1-0: Ball 2-0: Called Strike 2-1: Called Strike 2-2: Foul Ball, location: 2F 2-2: SINGLE (Line Drive, 6D, EV 106.3 MPH)
|
|
Pitching: LHP Jesse Orosco
|
|
|
Batting: RHB Mike Sproles
|
0-0: Foul Ball, location: 2F 0-1: Ball 1-1: Swinging Strike 1-2: Ball 2-2: SINGLE (Flyball, 9LS, EV 88.1 MPH) Tom Lawless to second
|
|
Batting: RHB Glenn Williams
|
0-0: Foul Ball, location: 2F 0-1: Ball 1-1: Called Strike 1-2: Ball 2-2: 3-RUN HOME RUN (Flyball, 7D, EV 113.1 MPH), Distance : 396 ft
|
|
Batting: SHB Raul Gonzalez
|
0-0: Foul Ball, location: 2F 0-1: Called Strike 0-2: Ball 1-2: Strikes out swinging
|
|
Batting: RHB Nick Capra
|
0-0: Ball 1-0: Ball 2-0: Ball 3-0: Base on Balls
|
|
Batting: RHB William Young
|
0-0: Fly out, F8 (Line Drive, 8LM, EV 95.6 MPH)
|
| Top of the 9th over - 3 runs, 3 hits, 0 errors, 1 left on base; Detroit 5 - Texas 7 |
|